Description

Pressure with 2 reapers proxy barrack and ebay block, then go into a macro game with window-mine drop, tanks/raven, and finally bio.

Replay - Maru v NightMare - Royal Blood LE

Build Order

Get SALT Encoding   

  12  0:00  SCV  
  13  0:12  SCV  
  14  0:17  Supply Depot  
  14  0:24  SCV  
  15  0:39  Barracks, SCV  
  16  0:46  Refinery  
  16  0:51  SCV  
  16  0:55  Refinery  
  17  1:03  SCV  
  18  1:15  SCV  
  19  1:26  Reaper  
  19  1:28  Orbital Command  
  20  1:37  Engineering Bay  
  20  1:45  Factory  
  20  1:51  Bunker  
  20  1:56  Supply Depot  
  20  1:57  SCV  
  20  2:01  Reaper  
  22  2:09  SCV  
  23  2:21  SCV  
  24  2:31  Hellion  
  24  2:34  Starport  
  27  2:47  Command Center  
  28  2:52  Supply Depot  
  28  2:58  Widow Mine  
  31  3:14  Medivac  
  31  3:19  Widow Mine  
  35  3:34  Supply Depot  
  35  3:37  Barracks  
  35  3:41  Factory Tech Lab  
  36  3:44  Starport Tech Lab  
  37  3:56  Barracks Reactor  
  37  4:00  Siege Tank  
  37  4:01  Orbital Command  
  41  4:13  Raven  
  44  4:20  Engineering Bay  
  44  4:24  Marine  
  44  4:26  Orbital Command  
  45  4:35  Siege Tank  
  45  4:38  Marine x2  
  49  4:40  Barracks  
  51  4:52  Bunker  
  51  4:54  Marine  
  51  4:55  Stimpack  
  51  4:59  Supply Depot  
  53  5:00  Marine x2  
  56  5:12  Refinery, Terran Infantry Weapons Level 1  
  57  5:18  Marine x2  
  61  5:37  Combat Shield, Marine x2  
  61  5:39  Starport Reactor  
  65  5:43  Refinery  
  65  5:45  Factory Reactor  
  68  5:58  Marauder x2  
  68  6:02  Missile Turret  
  77  6:19  Marauder x2  
  77  6:21  Medivac x2  
  85  6:26  Widow Mine  
  87  6:35  Concussive Shells  
  87  6:38  Widow Mine  
  91  6:41  Marauder  
  93  6:53  Marauder  
  95  7:01  Medivac x2  
  95  7:02  Widow Mine  
  95  7:04  Marauder  
  95  7:07  Widow Mine  
  101  7:14  Terran Infantry Armor Level 1  
  96  7:24  Marauder x2  
  96  7:25  Widow Mine  
  93  7:31  Medivac x2  
  97  7:37  Command Center  
  97  7:49  Widow Mine x2  
  97  7:51  Barracks x2  
  101  7:53  Marauder  
  106  8:11  Ghost Academy  
  110  8:16  Widow Mine  
  113  8:34  Medivac  
  121  8:43  Barracks Reactor  
  121  8:44  Barracks Tech Lab  
  125  8:51  Orbital Command  
  128  8:56  Ghost  
  127  9:05  Ghost  
  129  9:10  Ghost  
  129  9:16  Orbital Command  
  130  9:25  Ghost  
  126  9:33  Ghost  
  130  9:53  Ghost  
  132  10:00  Ghost x2  
  114  10:29  Ghost  
  122  10:39  Medivac  
Spawning Tool Build Advisor. Get it on Overwolf

Analysis

Very interesting game to understand and analyze, as it shows you how terrans can be fluid in their build order and reach key steps while maintaining pressure.

Go to:

Details

  • Created by: Mythologiga
  • Published on: May 06, 2023
  • Modified on: May 06, 2023
  • Patch: 5.0.11
  • Difficulty: Hard
Show
View Real Time Build Order
Export as new Build Order

Comments (0)

There are no comments. Be the first!

Create an account to comment!